 Dungeon Crawl Stone Soup version 0.20.0-10-g0535bb4 (webtiles) character file.

1875 Gorglomux the Insei (level 9, -2/62 HPs)
             Began as an Octopode Transmuter on June 7, 2017.
             Slain by Menkaure (11 damage)
             ... on level 6 of the Dungeon.
             The game lasted 00:13:31 (7184 turns).

Gorglomux the Insei (Octopode Transmuter)           Turns: 7184, Time: 00:13:32

Health: -2/62      AC:  1    Str:  9    XL:     9   Next: 14%
Magic:  3/15       EV: 13    Int: 18    God:
Gold:   53         SH:  0    Dex: 13    Spells: 5/16 levels left

rFire    . . .     SeeInvis .     - Unarmed
rCold    . . .     Gourm    +   (no shield)
rNeg     . . .     Faith    .   (helmet restricted)
rPois    .         Spirit   .   h - amulet of the gourmand
rElec    .         Reflect  .   g - ring of resist corrosion
rCorr    +         Harm     .   Y - ring of loudness (curse)
MR       .....                  (no ring)
Stlth    +.........             (no ring)
Regen    0.2/turn               (no ring)
MPRegen  0.2/turn               (no ring)
                                (no ring)
                                (no ring)

@: very slightly contaminated, drained, invisible
A: almost no armour, stealthy swim, amphibious, 8 rings, constrict 8, camouflage
1, gelatinous body 1
a: no special abilities


You were on level 6 of the Dungeon.
You were full.

You visited 1 branch of the dungeon, and saw 6 of its levels.

You collected 275 gold pieces.
You spent 222 gold pieces at shops.

Inventory:

Missiles
 a - 40 arrows
 Z - a throwing net (quivered)
Armour
 V - the +3 shield of Compression {Str+4}
   (You found it on level 4 of the Dungeon)

   It affects your strength (+4).
Jewellery
 g - a ring of resist corrosion (left tentacle)
 h - an amulet of the gourmand (around mantle)
 R - an uncursed ring of fire {unknown}
 Y - a cursed ring of loudness (right tentacle)
Wands
 C - a wand of confusion (8/48)
 D - a wand of digging (11/24)
 S - a wand of scattershot (5/9)
Scrolls
 m - a scroll of random uselessness {unknown}
 o - 3 scrolls of amnesia {unknown}
 r - a scroll of fear {unknown}
 s - 2 scrolls of blinking
 J - 3 scrolls of teleportation {unknown}
 K - 2 scrolls of remove curse {unknown}
 O - a scroll of enchant armour {unknown}
 P - a scroll of torment {unknown}
 U - 2 scrolls of recharging {unknown}
 W - a scroll of immolation {unknown}
 X - 2 scrolls of enchant weapon {unknown}
Potions
 i - a potion of haste
 k - 3 potions of agility
 p - a potion of might
 H - 3 potions of resistance
 I - a potion of mutation {!q}
 N - a potion of flight {unknown}
Books
 b - a book of Changes

   Spells                             Type                      Level
   a - Beastly Appendage              Transmutation                1
   b - Sticks to Snakes               Transmutation                2
   c - Spider Form                    Transmutation/Poison         3
   d - Ice Form                       Ice/Transmutation            4
   e - Blade Hands                    Transmutation                5
 G - a book of Geomancy

   Spells                             Type                      Level
   a - Sandblast                      Earth                        1
   b - Passwall                       Transmutation/Earth          2
   c - Stone Arrow                    Conjuration/Earth            3
   d - Petrify                        Transmutation/Earth          4
   e - Lee's Rapid Deconstruction     Earth                        5
 L - a book of Flames

   Spells                             Type                      Level
   a - Flame Tongue                   Conjuration/Fire             1
   b - Throw Flame                    Conjuration/Fire             2
   c - Conjure Flame                  Conjuration/Fire             3
   d - Inner Flame                    Hexes/Fire                   3
   e - Sticky Flame                   Conjuration/Fire             4
   f - Fireball                       Conjuration/Fire             5
Comestibles
 c - 5 bread rations
 z - 2 meat rations
 T - 4 royal jellies


   Skills:
 + Level 5.9(5.6) Fighting
 - Level 2.0(1.7) Dodging
 + Level 6.9(6.6) Unarmed Combat
 + Level 4.3(4.1) Spellcasting
 + Level 6.7(6.4) Transmutations


You had 5 spell levels left.
You knew the following spells:

 Your Spells              Type           Power        Failure   Level  Hunger
a - Beastly Appendage     Tmut           ####..       1%          1    None
b - Sticks to Snakes      Tmut           ####....     1%          2    ##.....
c - Spider Form           Tmut/Pois      ###.......   12%         3    ###....
d - Blade Hands           Tmut           ####......   28%         5    ######.


Dungeon Overview and Level Annotations

Branches:
Dungeon (6/15)
 Temple: D:4-7

Altars:
Makhleb
Vehumet
Zin

Shops:
D:5 *

Annotations:
D:6 Menkaure


Innate Abilities, Weirdness & Mutations

You cannot wear most types of armour.
You are very stealthy in the water. (Stealth+)
You are amphibious.
You can wear up to eight rings at the same time.
You can use your tentacles to constrict eight enemies at once.
Your skin changes colour to match your surroundings (Stealth+).
Your rubbery body absorbs attacks. (AC +1, EV +1)


Message History

Menkaure calls on the powers of darkness!
Your body is wracked with pain!
* * * LOW HITPOINT WARNING * * *
You tentacle-slap the wight. You squeeze the wight.
The wight is moderately damaged.
You constrict the wight. The wight misses you.
Menkaure rustles, "It doesn't hurt if you pull your brain out of your nose yourself."
Unknown command.
You catch the helpless wight completely off-guard!
You tentacle-slap the wight.
The wight is severely damaged.
You constrict the wight. The wight misses you.
Unknown command.
You catch the helpless wight completely off-guard!
You tentacle-slap the wight.
You destroy the wight!
Casting: Blade Hands
Confirm with . or Enter, or press ? or * to list all spells.
You miscast Blade Hands.
Your skin tingles.
Menkaure hits you!
You die...

###### ##...(.##
#.......##
.<.......#
.........#
..!......#
.........#######
........zM@).).#
.......!.#####.#
.....>..># #.#
.........# ##.#
.........# #..#
.........# #.##
........#####.#
##.....##.....#
#######..#####


You could see Menkaure and a wight.

Vanquished Creatures
  Grinder (D:6)
  Sigmund (D:6)
  A sky beast (D:6)
  3 big kobolds (D:3)
  A scorpion (D:4)
  4 wights (D:6)
  2 howler monkeys (D:5)
  4 crimson imps
  A quasit (D:6)
  A centaur zombie (D:5)
  A bullfrog zombie (D:5)
  2 hounds (D:5)
  An orc priest (D:6)
  4 orc wizards
  2 worker ants
  An iguana (D:4)
  A hound zombie (D:6)
  10 gnolls (D:3)
  12 adders
  3 oozes
  2 worms
  3 dart slugs
  7 leopard geckos
  14 orcs
  2 giant cockroaches (D:3)
  39 goblins
  25 hobgoblins
  8 jackals
  A quokka (D:6)
  2 ball pythons
  7 bats
  5 frilled lizards
  A jackal skeleton (D:5)
  9 kobolds
  A quokka skeleton (D:4)
  6 rats
188 creatures vanquished.

Notes
Turn   | Place    | Note
-------+----------+-------------------------------------------
     0 | D:1      | Gorglomux the Octopode Transmuter began the quest for the Orb.
     0 | D:1      | Reached XP level 1. HP: 13/13 MP: 3/3
   121 | D:1      | Reached XP level 2. HP: 17/18 MP: 3/5
   150 | D:1      | Learned a level 2 spell: Sticks to Snakes
   223 | D:1      | Reached XP level 3. HP: 17/23 MP: 4/6
   273 | D:1      | Learned a level 3 spell: Spider Form
   515 | D:2      | Reached skill level 3 in Transmutations
   544 | D:2      | Reached XP level 4. HP: 21/29 MP: 3/7
  1574 | D:2      | Noticed an angel
  1575 | D:2      | Found a glowing silver altar of Zin.
  1661 | D:3      | Reached XP level 5. HP: 34/34 MP: 3/8
  1984 | D:3      | Found a burning altar of Makhleb.
  1984 | D:3      | Noticed a cacodemon
  3178 | D:3      | Reached skill level 3 in Fighting
  3223 | D:3      | Reached XP level 6. HP: 25/42 MP: 4/9
  3936 | D:3      | Reached XP level 7. HP: 15/47 MP: 6/10
  4516 | D:4      | Got a transparent shield
  4518 | D:4      | Identified the +3 shield of Compression {Str+4} (You found it on level 4 of the Dungeon)
  5763 | D:5      | Entered Level 5 of the Dungeon
  6021 | D:5      | Reached XP level 8. HP: 47/54 MP: 9/12
  6102 | D:5      | Reached skill level 3 in Spellcasting
  6172 | D:5      | Found a radiant altar of Vehumet.
  6240 | D:5      | Found Dasysan's General Store.
  6312 | D:5      | Bought a potion of mutation for 96 gold pieces
  6312 | D:5      | Bought a scroll of blinking for 90 gold pieces
  6312 | D:5      | Bought a potion of curing for 36 gold pieces
  6613 | D:5      | Reached skill level 6 in Unarmed Combat
  6745 | D:6      | Reached skill level 6 in Transmutations
  6963 | D:6      | Noticed Sigmund
  6971 | D:6      | Noticed Grinder
  6983 | D:6      | Killed Sigmund
  6989 | D:6      | Killed Grinder
  7099 | D:6      | Reached XP level 9. HP: 37/62 MP: 11/15
  7157 | D:6      | Learned a level 5 spell: Blade Hands
  7172 | D:6      | Noticed Menkaure
  7173 | D:6      | HP: 1/62 [wight/battleaxe (4)]
  7184 | D:6      | Slain by Menkaure

Skill      XL: |  1  2  3  4  5  6  7  8 |
---------------+-------------------------+-----
Transmutations | 3 4 5 6 |  6.7
Fighting       | 2 3 4 5 |  5.9
Unarmed Combat | 4 5 6 |  6.9
Spellcasting   | 4 |  4.3
Dodging        | |  2.0

Action                   |  1- 3 |  4- 6 |  7- 9 || total
-------------------------+-------+-------+-------++-------
Melee: Unarmed           |    71 |   202 |   237 ||   510
       Constrict         |    18 |    27 |    14 ||    59
       Kick              |    15 |     9 |     2 ||    26
       Tentacles         |     9 |    18 |    10 ||    37
       Punch             |     2 |     4 |     3 ||     9
 Cast: Beastly Appendage |    12 |     9 |     1 ||    22
       Spider Form       |     1 |    22 |    30 ||    53
       Sticks to Snakes  |       |     1 |     5 ||     6
       Blade Hands       |       |       |     1 ||     1
 Abil: End Transformatio |       |     1 |     2 ||     3
  Use: Potion            |     1 |       |     6 ||     7
       Scroll            |       |       |     5 ||     5
 Stab: Sleeping          |     3 |     1 |       ||     4
       Invisible         |       |       |     2 ||     2
  Eat: Chunk             |    17 |    13 |    13 ||    43
Armor: Skin              |     5 |     9 |    15 ||    29
Dodge: Dodged            |    55 |   172 |   206 ||   433
